 Dungeon Crawl Stone Soup version 0.31-a0-538-gbc85326fa9 (webtiles) character file.

Game seed: 3207285333009470810

42281 tilp the Covert (level 13, -4/106 HPs)
             Began as a Vampire Enchanter on Aug 13, 2023.
             Was a High Priest of Wu Jian.
             Slain by a death yak (21 damage)
             ... on level 4 of the Lair of Beasts.
             The game lasted 00:38:27 (18510 turns).

tilp the Covert (Vampire Enchanter)                Turns: 18510, Time: 00:38:28

Health: -4/106     AC: 19    Str: 11    XL:     13   Next: 84%
Magic:  17/25      EV: 15    Int: 27    God:    Wu Jian [*****.]
Gold:   1042       SH:  5    Dex: 22    Spells: 17/29 levels left

rFire   + . .        b - +6 short sword "Goyhit" {flame, Will+ Dex+2}
rCold   . . .        f - +0 buckler
rNeg    . . .        R - +2 ring mail {rPois}
rPois   +            M - +1 helmet of Guhipt {+Blink rF+ Str+4 Int-2}
rElec   .            G - +2 cloak
rCorr   .            V - +2 pair of gloves
SInv    +            a - +2 pair of boots {Stlth+}
Will    ++...        O - amulet of regeneration
Stlth   ++++++       j - +6 ring of dexterity
HPRegen 1.37/turn    p - +6 ring of intelligence
MPRegen 0.19/turn

%: no passive effects
@: healing quickly
A: alive, fangs 3, see invisible, vampiric 2
a: Exsanguinate, Renounce Religion, Evoke Blink, Wall Jump, Serpent's Lash,
Heavenly Storm


You were on level 4 of the Lair of Beasts.
You worshipped Wu Jian.
Wu Jian was extremely pleased with you.
You visited 3 branches of the dungeon, and saw 17 of its levels.
You also visited: Ossuary and Volcano.

You collected 1364 gold pieces.
You spent 322 gold pieces at shops.

Inventory:

Hand Weapons
 b - the +6 short sword "Goyhit" (weapon) {flame, Will+ Dex+2}
   (You found it on level 4 of the Dungeon)

   Dex+2:     It affects your dexterity (+2).
   Will+:     It increases your willpower.
 I - a +0 dagger of freezing
 N - a +3 dagger of distortion
Missiles
 d - 20 poisoned darts (quivered)
 B - a throwing net
 J - 7 boomerangs
 P - 2 atropa-tipped darts
Armour
 a - a +2 pair of boots of stealth (worn)
 f - a +0 buckler (worn)
 E - a +3 leather armour of fire resistance
 G - a +2 cloak (worn)
 M - the +1 helmet of Guhipt (worn) {+Blink rF+ Str+4 Int-2}
   (You found it on level 6 of the Dungeon)

   Str+4:     It affects your strength (+4).
   Int-2:     It affects your intelligence (-2).
   rF+:       It protects you from fire.
   +Blink:    It lets you blink.
 R - a +2 ring mail of poison resistance (worn)
 U - a +1 robe of willpower
 V - a +2 pair of gloves (worn)
Magical Staves
 F - a staff of conjuration
Jewellery
 j - a +6 ring of dexterity (left hand)
 p - a +6 ring of intelligence (right hand)
 O - an amulet of regeneration (around neck)
 W - an amulet of reflection
 X - a ring of magical power
 Y - a ring of wizardry
Wands
 u - a wand of polymorph (19)
 y - a wand of flame (17)
 z - a wand of mindburst (5)
 C - a wand of iceblast (18)
 Q - a wand of light (5)
 S - a wand of charming (2)
Scrolls
 e - 2 scrolls of identify
 l - 2 scrolls of blinking
 m - 2 scrolls of poison
 n - a scroll of fog
 o - 3 scrolls of teleportation
 H - 2 scrolls of fear
 K - 2 scrolls of vulnerability
 L - a scroll of amnesia
 Z - a scroll of revelation
Potions
 c - 4 potions of invisibility
 g - 2 potions of brilliance
 h - 3 potions of berserk rage
 i - 2 potions of might
 k - 4 potions of haste
 q - 4 potions of magic
 r - 3 potions of heal wounds
 s - 5 potions of curing
 t - 5 potions of ambrosia
 w - a potion of resistance
 x - a potion of mutation
 A - 4 potions of attraction
 D - 3 potions of lignification
 T - a potion of cancellation


   Skills:
 * Level 11.1 Fighting
 - Level 10.0 Short Blades
 + Level 4.3 Armour
 + Level 9.0 Dodging
 + Level 13.3 Stealth
 - Level 2.0 Shields
 * Level 8.6 Spellcasting
 - Level 2.0 Conjurations
 + Level 11.2 Hexes
 + Level 3.3 Ice Magic
 + Level 6.9 Evocations


You had 17 spell levels left.
You knew the following spells:

 Your Spells              Type           Power      Damage    Failure   Level
a - Ensorcelled Hibernat  Hex/Ice        100%       N/A       1%          2
b - Confusing Touch       Hex            64%        N/A       1%          3
c - Tukima's Dance        Hex            64%        N/A       1%          3
d - Dazzling Flash        Conj/Hex       94%        N/A       3%          3
e - Slow                  Hex            100%       N/A       1%          1

Your spell library contained the following spells:

 Spells                   Type           Power      Damage    Failure   Level
 Ozocubu's Armour         Ice            29%        N/A       12%         3
 Sandblast                Erth           22%        2d7       16%         1
 Hailstorm                Conj/Ice       26%        3d7       16%         3
 Passwall                 Tmut/Erth      9%         N/A       24%         2
 Stone Arrow              Conj/Erth      34%        3d9       32%         3
 Vampiric Draining        Necr           11%        2d6       43%         3
 Summon Ice Beast         Ice/Summ       20%        N/A       61%         4
 Iskenderun's Battlesphe  Conj           22%        2d8       89%         5
 Leda's Unmaking          Conj/Erth      8%         9d2       100%        6
 Simulacrum               Ice/Necr       10%        N/A       100%        6
 Ozocubu's Refrigeration  Ice            14%        4d10      100%        7
 Spellforged Servitor     Conj/Summ      8%         N/A       100%        7


Dungeon Overview and Level Annotations

Branches:
Dungeon (11/15)            Temple (1/1) D:7            Lair (5/5) D:11
  Swamp (0/4) Lair:3        Snake (0/4) Lair:3        Slime (0/5) Lair:4
    Orc (0/2) D:9         Ossuary (visited)         Volcano (visited)

Altars:
Ashenzari
Cheibriados
Dithmenos
Fedhas
Gozag
Hepliaklqana
Kikubaaqudgha
Makhleb
Nemelex Xobeh
Okawaru
Qazlal
Ru
Sif Muna
Trog
Uskayaw
Vehumet
Wu Jian
Xom
Yredelemnul
Lugonu

Shops:
D:2 (   D:9 *[   D:10 ?   D:11 [

Portals:
Abyss: D:3


Innate Abilities, Weirdness & Mutations

Your natural rate of healing is accelerated.
You have razor-sharp teeth.
You have supernaturally acute eyesight. (SInv)
You are afflicted with vampirism and can become a bat while bloodless.


Message History

Unknown command.
Casting: Ensorcelled Hibernation (safe; 1% risk of failure)
Confirm with . or Enter, or press ? or * to list all spells.
Casting: Dazzling Flash (mildly dangerous; 3% risk of failure)
Press: ? - help, Dir - look around, f - activate The death yak is dazzled.
You block the skyshark's attack. The skyshark tail-slaps you.
You block the skyshark's attack. The death yak gores you!
The death yak barely misses you.
Unknown command.
Unknown command.
Unknown command.
Casting: Dazzling Flash (mildly dangerous; 3% risk of failure)
Confirm with . or Enter, or press ? or * to list all spells.
Casting: Dazzling Flash (mildly dangerous; 3% risk of failure)
Press: ? - help, Dir - look around, f - activate The skyshark is dazzled.
You block the skyshark's attack.
The skyshark tail-slaps you but does no damage. x2
The death yak gores you! The death yak gores you!!
* * * LOW HITPOINT WARNING * * *
The skyshark bites you!
* * * LOW HITPOINT WARNING * * *
The skyshark tail-slaps you but does no damage.
The skyshark misses you.
Unknown command.
Unknown command.
You hit the skyshark but do no damage. Your bite misses the skyshark.
The skyshark is lightly wounded.
The skyshark misses you. You block the skyshark's attack.
The skyshark tail-slaps you.
* * * LOW HITPOINT WARNING * * *
The death yak barely misses you.
You catch the helpless skyshark completely off-guard!
You spit the skyshark like a pig!!! You burn the skyshark!
The skyshark is heavily wounded.
The skyshark closely misses you. The skyshark completely misses you.
The skyshark barely misses you.
You hit the skyshark. You burn the skyshark.
The skyshark is heavily wounded.
The death yak gores you!!
You die...

.................................
...###...#####P#####.######......
...# ##### ### ### ###.... ...#
#.... ..## ###.... ..######
######### ##......
.....#.###..#...P#########.#.....
.................................
...............l@Y......[.....<..
...............Y.................
.................................
..............................###
..............................#
..............................#
..............................#
..............######.........##
.............########........#


You could see 2 death yaks and a skyshark (wandering, berserk, blind).

Vanquished Creatures
  Josephine (D:11)
  2 hydras (Lair:4)
  Harold (D:11)
  2 two-headed ogres
  4 death yaks (Lair:2)
  A boulder beetle (D:11)
  A skeletal warrior (Volcano)
  A skyshark (Lair:3)
  The ghost of TobyConnect the Trooper, a novice DsSh of Hepliaklqana (D:8)
  A swamp dragon (Lair:3)
  2 anaconda skeletons (Volcano)
  An ugly thing (D:10)
  A salamander (Lair:3)
  A cyclops (D:11)
  A manticore (D:11)
  8 elephants
  5 black mambas
  12 cane toads
  Maggie (D:5)
  5 gargoyles (Volcano)
  5 rime drakes
  4 komodo dragons
  3 meliai (D:11)
  2 trolls
  3 harpy skeletons (Volcano)
  9 blink frogs (Lair:4)
  An alligator skeleton (Volcano)
  3 flying skulls (Volcano)
  2 wyverns
  2 spriggans (D:8)
  A vampire (D:10)
  35 yaks
  3 wraiths
  2 basilisks
  Grum (D:9)
  Edmund (D:4)
  3 nagas (Lair:3)
  An acid dragon (D:10)
  13 water moccasins
  9 black bears
  An ice beast (D:7)
  A sky beast (D:8)
  4 orc warriors
  An ogre (D:5)
  16 wolves
  2 centaurs
  2 kobold brigands
  Blork the orc (D:5)
  15 bullfrogs
  2 gnoll sergeants
  5 scorpions
  4 water moccasin zombies (Ossuary)
  8 wights (D:9)
  2 howler monkeys
  4 spriggan skeletons (Volcano)
  A troll skeleton (Volcano)
  Crazy Yiuf (D:7)
  2 jellies (D:7)
  6 orc priests
  2 sleepcaps
  Jessica (D:2)
  5 iguanas
  14 orc wizards
  2 mummies (Ossuary)
  6 adders
  12 gnolls
  A shadow imp (D:7)
  2 white imps (D:5)
  An ufetubus (D:6)
  8 adder zombies (Ossuary)
  A dart slug (D:1)
  28 orcs
  5 endoplasms
  2 giant cockroaches (D:1)
  4 gnoll zombies (Ossuary)
  6 goblins
  9 hobgoblins
  5 jackals
  15 kobolds
  3 quokkas
  13 ball pythons
  8 bats
  A frilled lizard (D:1)
  A hobgoblin zombie (Ossuary)
  4 kobold zombies (Ossuary)
  3 orc zombies (Ossuary)
  3 rats
398 creatures vanquished.

Vanquished Creatures (collateral kills)
  A skeletal warrior (Volcano)
  An ogre (D:7)
  A wolf (D:9)
  A wight (D:9)
  2 orcs
6 creatures vanquished.

Vanquished Creatures (others)
  4 dancing weapons
  A white imp (D:6)
5 creatures vanquished.

Grand Total: 409 creatures vanquished

Notes
Turn   | Place    | Note
-------+----------+-------------------------------------------
     0 | D:1      | tilp the Vampire Enchanter began the quest for the Orb.
     0 | D:1      | Reached XP level 1. HP: 13/13 MP: 3/3
     0 | D:1      | Noticed a demonspawn zombie
    11 | D:1      | Noticed a merfolk zombie
    17 | D:1      | Noticed a merfolk zombie
    21 | D:1      | Noticed a merfolk zombie
   381 | D:1      | Reached XP level 2. HP: 10/20 MP: 5/5
   384 | D:1      | Learned a level 2 spell: Ensorcelled Hibernation
   706 | D:1      | Reached skill level 1 in Fighting
   721 | D:1      | Gained mutation: You are afflicted with vampirism and can
                  | become a bat while bloodless. [Vampire growth]
   721 | D:1      | Reached XP level 3. HP: 12/26 MP: 1/6
  1438 | D:2      | Found a faded altar of an unknown god.
  1495 | D:2      | Noticed Jessica
  1501 | D:2      | Killed Jessica
  1502 | D:2      | Reached XP level 4. HP: 33/33 MP: 4/7
  1637 | D:2      | Found Idwusm's Antique Weapon Shop.
  1724 | D:2      | Learned a level 3 spell: Confusing Touch
  2257 | D:3      | Found a large runed translucent door.
  2257 | D:3      | Found a large runed translucent door.
  2300 | D:3      | Reached skill level 5 in Stealth
  2450 | D:3      | Found a one-way gate to the infinite horrors of the Abyss.
  2679 | D:3      | Found a corrupted altar of Lugonu.
  2839 | D:4      | Identified the +6 short sword "Goyhit" {flame, Will+ Dex+2}
  2896 | D:4      | Noticed a scorpion
  2899 | D:4      | Killed a scorpion
  2900 | D:4      | Reached skill level 5 in Hexes
  2900 | D:4      | Reached XP level 5. HP: 38/38 MP: 8/8
  3121 | D:4      | Noticed Edmund
  3131 | D:4      | Killed Edmund
  3132 | D:4      | Reached XP level 6. HP: 25/46 MP: 1/10
  3243 | D:4      | Found a snail-covered altar of Cheibriados.
  3685 | D:5      | Entered Level 5 of the Dungeon
  3693 | D:5      | Reached skill level 6 in Stealth
  3700 | D:5      | Learned a level 3 spell: Tukima's Dance
  3704 | D:5      | Learned a level 3 spell: Dazzling Flash
  3736 | D:5      | Found a sand-covered staircase.
  3743 | Ossuary  | Entered an ossuary
  3762 | Ossuary  | Reached XP level 7. HP: 42/52 MP: 11/11
  4085 | D:5      | Noticed Blork the orc
  4087 | D:5      | Killed Blork the orc
  4154 | D:5      | Learned a level 1 spell: Slow
  4189 | D:5      | Reached skill level 7 in Stealth
  4189 | D:5      | Reached XP level 8. HP: 60/60 MP: 7/13
  4194 | D:5      | Reached skill level 5 in Short Blades
  4573 | D:6      | Noticed Maggie
  4926 | D:5      | Killed Maggie
  4927 | D:5      | Reached skill level 5 in Fighting
  5108 | D:6      | Reached skill level 8 in Stealth
  5109 | D:6      | Found an ornate altar of the Wu Jian Council.
  5207 | D:6      | Became a worshipper of the Wu Jian Council
  5489 | D:6      | Identified the +1 helmet of Guhipt {+Blink rF+ Str+4 Int-2}
  5705 | D:7      | Reached XP level 9. HP: 31/68 MP: 7/15
  5860 | D:7      | Found an opulent altar of Gozag.
  5950 | D:7      | Found a runed translucent door.
  5951 | D:7      | Noticed Crazy Yiuf
  6031 | D:7      | You fall into a shaft and drop 1 floor!
  6470 | D:7      | Found a stormy altar of Qazlal.
  6723 | D:7      | Found a staircase to the Ecumenical Temple.
  6740 | Temple   | Entered the Ecumenical Temple
  6812 | D:7      | Killed Crazy Yiuf
  7095 | D:8      | Reached skill level 9 in Stealth
  7204 | D:8      | Reached * piety under Wu Jian
  7215 | D:8      | Reached skill level 5 in Spellcasting
  7215 | D:8      | Reached skill level 1 in Evocations
  7671 | D:8      | Found a runed translucent door.
  7673 | D:8      | Identified the +3 spear "Oddyepemo" {freeze, rN+ Str+3
                  | Dex-2}
  7673 | D:8      | Noticed TobyConnect's ghost (novice DsSh)
  8383 | D:9      | Found Yheucodu's Armour Shoppe.
  8383 | D:9      | Found a staircase to the Orcish Mines.
  8383 | D:9      | Noticed a two-headed ogre
  8383 | D:9      | Noticed a troll
  8384 | D:9      | Noticed Grum
  8398 | D:9      | Reached skill level 10 in Stealth
  8400 | D:9      | Killed a troll
  8401 | D:9      | Reached XP level 10. HP: 66/76 MP: 1/17
  8422 | D:8      | Killed a two-headed ogre
  8423 | D:8      | Reached skill level 10 in Short Blades
  8589 | D:9      | Killed Grum
  8613 | D:9      | Reached ** piety under Wu Jian
  8735 | D:9      | Bought a +2 pair of boots of stealth for 322 gold pieces
  8898 | D:9      | Found Monkapna's Gadget Gallery.
  8955 | D:9      | Noticed a two-headed ogre
  8983 | D:9      | Killed a two-headed ogre
  8984 | D:9      | Reached skill level 1 in Armour
  9658 | D:10     | Entered Level 10 of the Dungeon
  9717 | D:10     | Found The Oracle's Delphic Readings.
 10652 | D:11     | Noticed Josephine
 10652 | D:11     | Noticed a purple ugly thing
 10683 | D:11     | Killed Josephine
 10684 | D:11     | Reached skill level 5 in Dodging
 10684 | D:11     | Reached XP level 11. HP: 27/83 MP: 12/19
 10706 | D:10     | Killed a purple ugly thing
 10722 | D:10     | Reached skill level 11 in Stealth
 10877 | D:11     | Found Feezegg's Antique Armour Shop.
 10971 | D:11     | Noticed Harold
 10995 | D:11     | Noticed a boulder beetle
 11300 | D:11     | Identified the +0 cloak "Vienikhla" {Harm rF+ MP+9 Str-2}
 11338 | D:11     | Found a staircase to the Lair.
 11352 | D:11     | Killed a boulder beetle
 11494 | D:11     | Reached *** piety under Wu Jian
 11734 | D:11     | Reached skill level 5 in Evocations
 12096 | D:11     | Found a staircase to the Lair.
 12136 | D:11     | Killed Harold
 12229 | D:11     | Found Feezegg's Antique Armour Shop.
 12861 | D:8      | Killed TobyConnect's ghost
 12990 | Lair:1   | Entered Level 1 of the Lair of Beasts
 12992 | Lair:1   | Reached skill level 10 in Hexes
 13088 | Lair:1   | Reached skill level 12 in Stealth
 13251 | Lair:1   | Reached XP level 12. HP: 94/94 MP: 17/21
 13804 | Lair:1   | Reached **** piety under Wu Jian
 14249 | Lair:2   | Found a dark tunnel.
 14269 | Volcano  | Entered a volcano
 14397 | Volcano  | Reached skill level 10 in Fighting
 14602 | Volcano  | Reached skill level 1 in Shields
 14736 | Volcano  | Reached skill level 1 in Ice Magic
 14853 | Volcano  | Reached skill level 1 in Conjurations
 15179 | Lair:2   | Reached ***** piety under Wu Jian
 15420 | Lair:2   | Reached XP level 13. HP: 102/104 MP: 17/24
 16788 | Lair:3   | Found a staircase to the Swamp.
 17074 | Lair:3   | Found a staircase to the Snake Pit.
 17476 | Lair:4   | Reached skill level 13 in Stealth
 17594 | Lair:4   | Found a staircase to the Slime Pits.
 18364 | Lair:5   | Entered Level 5 of the Lair of Beasts
 18510 | Lair:4   | Slain by a death yak

Illustrated notes

Levels and vault maps discovered:
D:1:      shiori_arrival_whats_in_store_for_you, layout_basic,
          kennysheep_flooded_box
D:2:      layout_basic, chequers_ecumenical_altar_simple_redux, serial_shops,
          nicolae_shop_tiny_statue_garden, uniq_jessica
D:3:      due_chaos_kobolds, layout_rooms
D:4:      layout_gridville, cheibriados_altar_1, minmay_misc_feat_nine_boxes,
          uniq_edmund
D:5:      black_bear_nest_2, layout_gridville, chequers_ossuary_entry_cave,
          uniq_blork_the_orc
D:6:      layout_cave_pools, mainiacjoe_overflow_small_starburst, uniq_maggie
D:7:      minmay_skewed_foursquare, layout_loops_ring, lemuel_tele_altar,
          kennysheep_little_box, minmay_temple_entry_offerings,
          uniq_crazy_yiuf_cottage
D:8:      layout_loops_corners, ebering_ghost_funeral_grove,
          minmay_misc_feat_diagonals, serial_bayou_pond_c
D:9:      minmay_weird_star, layout_basic, orc_david_3, nicolae_shop_gadgets,
          uniq_grum
D:10:     layout_stronghold, nicolae_nh_oracle_at_delphi
D:11:     layout_small_grid, due_lair_maze_entry_diamond, nicolae_stop_n_shop_2,
          uniq_josephine, uniq_harold
Temple:   regret_index_temple_mists
Lair:1:   layout_roguey
Lair:2:   layout_gridlike, enter_volcano_1, pdpol_lair_neglected_garden
Lair:3:   layout_regular_city, minmay_swamp_entry_reptiles,
          alex1729_snake_entry_snake
Lair:4:   layout_long_grid, dpeg_slime_entry_enclosed
Lair:5:   hangedman_lair_caniforms_friends, layout_concentric_octagons,
          guppyfry_lair_end_dragon

Skill      XL: |  1  2  3  4  5  6  7  8  9 10 11 12 13 |
---------------+----------------------------------------+-----
Fighting       | 1 2 3 4 5 6 8 10 11 | 11.1
Short Blades   | 2 3 4 6 9 10 | 10.0
Stealth        | 5 6 7 8 10 12 13 | 13.3
Dodging        | 3 4 5 6 8 9 |  9.0
Hexes          | 5 6 7 8 10 11 | 11.2
Spellcasting   | 3 4 5 6 7 8 |  8.6
Evocations     | 2 3 6 |  6.9
Armour         | 2 3 4 |  4.3
Shields        | 1 2 |  2.0
Ice Magic      | 1 3 |  3.3
Conjurations   | 1 2 |  2.0

Action                     |  1- 3 |  4- 6 |  7- 9 | 10-12 | 13-15 || total
---------------------------+-------+-------+-------+-------+-------++-------
  Melee: Dagger            |    98 |    40 |       |       |       ||   138
         Bite              |     6 |     2 |    20 |    75 |    19 ||   122
         Short sword       |       |    21 |   265 |   527 |   157 ||   970
         Unarmed           |       |       |     5 |       |       ||     5
  Throw: Boomerang         |       |       |     1 |       |       ||     1
         Dart              |       |       |       |     5 |       ||     5
   Cast: Ensorcelled Hiber |    22 |    15 |    42 |    95 |    72 ||   246
         Tukima's Dance    |       |       |     6 |    20 |     2 ||    28
         Confusing Touch   |       |       |     7 |    21 |     6 ||    34
         Dazzling Flash    |       |       |    12 |    26 |    14 ||    52
Ability: Lunge             |       |       |    20 |    33 |    20 ||    73
         Whirlwind         |       |       |       |    11 |     8 ||    19
  Evoke: Wand              |       |       |       |     5 |       ||     5
    Use: Scroll            |     4 |     8 |     8 |     8 |     3 ||    31
         Potion            |       |     1 |       |     3 |       ||     4
   Stab: Sleeping          |    22 |    17 |    49 |    66 |    49 ||   203
         Distracted        |     1 |       |     1 |       |     1 ||     3
         Invisible         |       |     4 |     9 |    17 |    13 ||    43
         Confused          |       |       |     6 |    18 |     6 ||    30
 Armour: Robe              |    15 |    11 |    29 |       |       ||    55
         Steam dragon scal |       |       |    14 |    60 |       ||    74
         Ring mail         |       |       |       |    84 |    53 ||   137
  Dodge: Dodged            |    65 |    31 |   160 |   278 |   126 ||   660
  Block: Buckler           |       |     8 |    41 |   104 |    51 ||   204

Table legend: (Time is in decaauts)
 A = Elapsed time spent in this place.
 B = Non-inter-level travel time spent in this place.
 C = Inter-level travel time spent in this place.
 D = Time resting spent in this place.
 E = Time spent auto-exploring this place.
 F = Levels seen in this place.
 G = Mean time per level.
                   A        B        C        D        E       F      G
               +--------+--------+--------+--------+--------+-----+--------+
         Total |  18228 |  16951 |   1277 |   2099 |  11544 |  19 |  959.4 |
       Dungeon |  12720 |  11754 |    966 |   1748 |   7889 |  11 | 1156.4 |
        Temple |      1 |      1 |      0 |      0 |      0 |   1 |    1.0 |
          Lair |   4696 |   4385 |    311 |    285 |   3284 |   5 |  939.2 |
       Ossuary |    230 |    230 |      0 |      0 |    124 |   1 |  230.0 |
       Volcano |    579 |    579 |      0 |     66 |    247 |   1 |  579.0 |
               +--------+--------+--------+--------+--------+-----+--------+

Top non-repeatable levels by time:
    D:11: 1913 daAuts
     D:8: 1624 daAuts
  Lair:2: 1396 daAuts
     D:1: 1179 daAuts
     D:9: 1172 daAuts
  Lair:1: 1168 daAuts
     D:7: 1163 daAuts
    D:10: 1159 daAuts
     D:5: 1125 daAuts
  Lair:4: 1072 daAuts
  Lair:3: 1045 daAuts
     D:4: 948 daAuts
     D:2: 931 daAuts
     D:6: 751 daAuts
     D:3: 748 daAuts
